[Event "Late-Titled-Tuesday-Blitz-January-16-2024"]
[Site "Chess.com"]
[Date "2024.01.16"]
[Round "5"]
[White "HaryKane"]
[Black "Godzillator"]
[Result "1-0"]
[WhiteElo "2549"]
[BlackElo "2332"]
[TimeControl "180+1"]
[EndTime "14:53:53 PST"]
[Termination "HaryKane won on time"]

1. d4 d5 2. Nf3 Nf6 3. g3 e6 4. Bg2 Bd6 5. O-O O-O 6. Nbd2 c5 7. dxc5 Bxc5 8. c4 d4 9. a3 Nc6 10. b4 Bb6 11. Nb3 Ne4 12. Bb2 Nc3 13. Bxc3 dxc3 14. Qc2 a5 15. c5 Bc7 16. b5 Ne5 17. Qxc3 Ng6 18. Rfd1 Qe7 19. b6 a4 20. Nbd4 Bb8 21.
c6 bxc6 22. Nxc6 Qb7 23. Rab1 Ra6 24. Nxb8 Qxb8 25. b7 Bxb7 26. Nd4 Qc8 27. Qxc8 Bxc8 28. Rdc1 e5 29. Nb5 Bf5 30. Rb4 f6 31. Nc7 Ra5 32. Bd5+ Kh8 33. e4 Bd7 34. Ne6 Bxe6 35. Bxe6 Ne7 36. Rc7 Ng8 37. Rbb7 f5 38. Rxg7 Nf6 39.
Bxf5 Rd8 40. Rgf7 Ra6 41. Bxh7 Rc6 42. Bf5 Kg8 43. Rg7+ Kh8 44. g4 Ne8 45. Rgf7 Kg8 46. g5 Nd6 47. Rg7+ Kf8 48. Ra7 Nb5 49. Raf7+ Ke8 50.
Bd7+ Rxd7 51. Rxd7 Nd4 52. Ra7 Kf8 53. Rgc7 Rxc7 54.
Rxc7 Nf3+ 55. Kf1 Nxg5 56. h4 Nxe4 57. h5 Nd6 58. Ra7 Nb5 59. Rxa4 Kg7 60. Ra5 Nc3 61. Rxe5 Kh6 62. Rc5 Nb1 63. a4 Nd2+ 64. Kg2 Ne4 65. Rb5 Nc3 66. Ra5 Ne4 67. Re5 Nd2 68. a5 Nc4 69.
Rc5 1-0

[Event "Late-Titled-Tuesday-Blitz-January-16-2024"]
[Site "Chess.com"]
[Date "2024.01.16"]
[Round "5"]
[White "jcibarra"]
[Black "MikaelyanArman"]
[Result "0-1"]
[WhiteElo "2881"]
[BlackElo "2864"]
[TimeControl "180+1"]
[EndTime "14:53:54 PST"]
[Termination "MikaelyanArman won by resignation"]

1. e4 c5 2. Nf3 Nc6 3. Nc3 e5 4. Bc4 d6 5. d3 Be7 6. O-O h6 7. Nd5 Nf6 8. c3 O-O 9. Ne1 Be6 10. f4 exf4 11. Bxf4 Bxd5 12. Bxd5 Nxd5 13. exd5 Ne5 14. Nf3 Bf6 15. Bxe5 Bxe5 16. Nxe5 dxe5 17. c4 f5 18. Qh5 Qf6 19. Rae1 Rae8 20. Rf2 e4 21. Rxe4 Rxe4 22.
dxe4 Qd4 23. exf5 Qxc4 24. Qd1 Rd8 25. d6 Qd4 26. Qb3+ c4 27. Qxb7 Rxd6 28. h3 Kh7 29. Qf3 Qe5 30. g4 Rd3 31. Qf4 Qd5 32. Kh2 Rd4 33.
Qg3 Rd1 34. Rg2 Rd3 35. Qc7 Qf3 36. Qg3 Qf1 37. Qc7 Qf3 38. Qg3 Qe4 39. g5 Rxg3 40.
g6+ Rxg6 41. fxg6+ Kg8 42. Kg1 Qe1+ 43. Kh2 Qe5+ 44.
Kg1 Qd4+ 45. Kf1 h5 46. Rf2 Qd3+ 47. Re2 Qb1+ 48. Kf2 Qxg6 49. Re3 Qf5+ 50. Rf3 Qc2+ 51. Kg3 Qxb2 52. Kh4 Qxa2 53. Kg5 Kh7 54. Kxh5 Qe2 55. Kg5 Qxf3 0-1

[Event "Late-Titled-Tuesday-Blitz-January-16-2024"]
[Site "Chess.com"]
[Date "2024.01.16"]
[Round "5"]
[White "ATM622"]
[Black "Hui_Li_Macau"]
[Result "1-0"]
[WhiteElo "2485"]
[BlackElo "2316"]
[TimeControl "180+1"]
[EndTime "14:53:54 PST"]
[Termination "ATM622 won on time"]

1. d4 d5 2. c4 e6 3. Nf3 Nf6 4. g3 dxc4 5. Bg2 Be7 6. O-O O-O 7.
Ne5 Nc6 8. Bxc6 bxc6 9. Nxc6 Qe8 10. Nxe7+ Qxe7 11. Qc2 c5 12. b3 Rd8 13. dxc5 Qxc5 14. Qxc4 Qxc4 15. bxc4 Ba6 16. Na3 Rac8 17. Bg5 Bxc4 18.
Rfe1 Ba6 19. Kf1 h6 20. Be3 Rd7 21. Rac1 Rdc7 22. Rxc7 Rxc7 23. Rc1 Rxc1+ 24. Bxc1 Nd5 25. Bd2 Kf8 26. Ke1 Ke8 27. e4 Nb6 28. Bc3 f6 29. e5 f5 30. Bd4 Nc4 31. Nc2 Bb7 32. Bxa7 Nxe5 33. Nd4 Nf3+ 34. Nxf3 Bxf3 35. Kd2 Kd7 36. Bd4 g6 37. Kc3 Kc6 38. Bg7 h5 39. Kd4 Bd5 40. a3 Bb3 41. Ke5 Kd7 42. Kf6 e5 43.
Kxg6 f4 44. Bxe5 fxg3 45. hxg3 Bd1 46. f4 Ke6 47. Bc3 Bg4 48. Kg5 Bf3 49. f5+ Kf7 50.
a4 Bb7 51. Kxh5 1-0

[Event "Late-Titled-Tuesday-Blitz-January-16-2024"]
[Site "Chess.com"]
[Date "2024.01.16"]
[Round "5"]
[White "ZuraTqebuchava"]
[Black "MathiasWomacka"]
[Result "1/2-1/2"]
[WhiteElo "2139"]
[BlackElo "2545"]
[TimeControl "180+1"]
[EndTime "14:53:54 PST"]
[Termination "Game drawn by repetition"]

1. e4 c5 2. Nf3 d6 3. Bb5+ Nd7 4. O-O a6 5. Bxd7+ Bxd7 6. h3 Nf6 7. e5 dxe5 8. Nxe5 g6 9. b3 Bg7 10. Bb2 O-O 11. Nxd7 Qxd7 12. d3 b5 13. Nd2 Qc6 14. Re1 e6 15. Nf3 Rfd8 16. Ne5 Qb7 17. Qe2 Rab8 18.
a4 Nd5 19. axb5 axb5 20. Qf3 Nb4 21. Qxb7 Rxb7 22. Re2 f6 23. Ng4 e5 24. Ne3 Kf7 25. Bc3 Nc6 26. Ra6 Nd4 27. Bxd4 cxd4 28. Nf1 Rc8 29. Ng3 Rbc7 30. Ra2 Bf8 31. Ne4 h6 32. g4 Rc6 33. Kg2 f5 34. gxf5 gxf5 35. Ng3 Ke6 36. Kf3 Kd6 37. Nxf5+ Kd5 38. Ng3 Bb4 39.
Ne4 Rg6 40. Ng3 h5 41. h4 Rf8+ 42. Kg2 Rg4 43. Ra7 Rxh4 44. Rb7 Kc6 45. Rh7 Bd6 46. Rxh5 Rxh5 47. Nxh5 Kd5 48. Ng3 Be7 49. Re4 Rc8 50. Re2 Ra8 51. Kf3 Ra1 52. Nf5 Bf6 53. Ng3 Rc1 54. Ne4 Be7 55. Ng3 Bf6 56. Ne4 Be7 57. Ng3 Bf6 1/2-1/2

[Event "Late-Titled-Tuesday-Blitz-January-16-2024"]
[Site "Chess.com"]
[Date "2024.01.16"]
[Round "5"]
[White "agvega14"]
[Black "ikhasu"]
[Result "1-0"]
[WhiteElo "2138"]
[BlackElo "2396"]
[TimeControl "180+1"]
[EndTime "14:53:54 PST"]
[Termination "agvega14 won by checkmate"]

1. e4 c5 2. Nf3 Nc6 3. c3 Nf6 4. Bd3 d6 5. Bc2 Bg4 6. d3 e5 7.
Be3 Be7 8. Nbd2 d5 9. h3 Bxf3 10. Nxf3 d4 11. Bg5 Nd7 12. Bxe7 Qxe7 13. Bb3 O-O 14. a3 Rad8 15. Rc1 Kh8 16. g4 b5 17. cxd4 exd4 18. Bd5 Nde5 19. O-O Nxf3+ 20. Qxf3 Ne5 21. Qg3 c4 22. dxc4 Nxc4 23. Bxc4 bxc4 24. Rxc4 Qxe4 25. Rd1 Rfe8 26. Qd3 f5 27. Rxd4 Rxd4 28. Qxd4 Qf3 29. Qd3 fxg4 30. Qxf3 gxf3 31. Rd3 Rf8 32. Kh2 h5 33.
Kg3 Rb8 34. b4 g5 35. Kxf3 Rf8+ 36. Kg3 Re8 37. Rd5 Rg8 38. b5 Rg7 39. a4 Kh7 40. a5 Kg6 41. b6 axb6 42. axb6 Rb7 43. Rb5 Kf6 44. h4 gxh4+ 45. Kxh4 Kg6 46. f4 Kf6 47. Kxh5 Ke6 48. Kg5 Kf7 49. f5 Kg7 50. f6+ Kf7 51.
Kf5 Rb8 52. b7 Rh8 53. Rb6 Rb8 54. Ke5 Re8+ 55. Kd5 Rd8+ 56. Kc5 Rb8 57. Kc6 Ke6 58. Kc7+ Kf7 59. Kxb8 Kf8 60. Kc7 Kf7 61. b8=Q Kg6 62. Qg8+ Kf5 63. f7 Ke5 64. f8=Q Kd4 65. Qd8+ Kc3 66.
Qgd5 Kc2 67. Qd2# 1-0

[Event "Late-Titled-Tuesday-Blitz-January-16-2024"]
[Site "Chess.com"]
[Date "2024.01.16"]
[Round "5"]
[White "Aguiar94"]
[Black "aceontheturn"]
[Result "0-1"]
[WhiteElo "2526"]
[BlackElo "2751"]
[TimeControl "180+1"]
[EndTime "14:53:56 PST"]
[Termination "aceontheturn won by resignation"]

1. e4 e6 2. d4 d5 3. Nd2 c5 4. Ngf3 Nc6 5. Bb5 cxd4 6. Nxd4 Bd7 7. Nxc6 Bxc6 8. Bxc6+ bxc6 9. Qe2 Nf6 10. O-O Be7 11.
b3 O-O 12. Bb2 a5 13. a4 Bb4 14. exd5 cxd5 15. Nf3 Rc8 16. Rad1 Bc3 17. Ba3 Re8 18. Nd4 Ne4 19. Nb5 Qb6 20. Kh1 Bf6 21. c4 Nc3 22. Nxc3 Bxc3 23. Qc2 Bb4 24. Bb2 dxc4 25. bxc4 Qc6 26.
Rd4 Red8 27. Rg4 Bf8 28. Bf6 h5 29. Rg5 Rd5 30. Rg3 Qxc4 31. Qb1 h4 32. Rc3 Qa6 33. Rxc8 Qxc8 34. Bxh4 Qc4 35. Bg3 Qxa4 36. h3 Qb4 37. Qc1 a4 38. Qc2 a3 39. Rb1 Qd2 40. Qa4 Ra5 41. Qe8 Qb2 42. Rd1 a2 43. Bd6 a1=Q 44.
Qxf8+ Kh7 45. Rxa1 Rxa1+ 46. Kh2 Qxf2 47. Bc5 Qf4+ 48. g3 Qd2+ 0-1

[Event "Late-Titled-Tuesday-Blitz-January-16-2024"]
[Site "Chess.com"]
[Date "2024.01.16"]
[Round "5"]
[White "Yaacovn"]
[Black "aa175"]
[Result "1-0"]
[WhiteElo "2897"]
[BlackElo "2674"]
[TimeControl "180+1"]
[EndTime "14:53:57 PST"]
[Termination "Yaacovn won by resignation"]

1. d4 Nf6 2. e3 g6 3. Nf3 Bg7 4. Be2 O-O 5. O-O b6 6. b3 Bb7 7. Bb2 d6 8. c4 Nbd7 9. Qc2 Re8 10. Rd1 Ne4 11. Nc3 Nxc3 12. Bxc3 c5 13. d5 Qc7 14. Bxg7 Kxg7 15. e4 e5 16. Qd2 Nf6 17.
Bd3 Bc8 18. h3 Nh5 19. Bf1 Nf4 20. Kh2 Qe7 21. g3 Nh5 22. Be2 h6 23. Nh4 Nf4 24.
Bf1 Bd7 25. Re1 Qf6 26. Qe3 Rf8 27. Nf3 Nh5 28. Bd3 Rae8 29. Nd2 Kh7 30. Be2 Ng7 31. Bg4 Bxg4 32. hxg4 Qg5 33. Qxg5 hxg5 34. Nf3 f6 35. Kg2 Kg8 36. a3 Kf7 37. b4 Rc8 38. b5 Ra8 39. Nd2 a6 40. a4 a5 41. Rh1 Rh8 42. Kf3 Raf8 43. Ke3 Ne8 44. Raf1 Ke7 45. f4 gxf4+ 46.
gxf4 exf4+ 47. Kxf4 Ng7 48. Nf3 g5+ 49. Kg3 Ne8 50. Kg2 Rfg8 51. Ne1 Ng7 52. Nc2 Ne8 53. Ne3 Kd7 54. Nf5 Rf8 55. Rh5 Rxh5 56. gxh5 Rh8 57. Rh1 Rh7 58. h6 Nc7 59. Kf3 Ke8 60. Kg4 Kf7 61. Kh5 Ne8 62. Ne3 Ng7+ 63. Kg4 Ne8 64. Nf5 Kg6 65. Rh2 Rh8 66. Ne7+ Kf7 67. Nc8 f5+ 68.
Kxg5 Nf6 69. Nxd6+ Ke7 70. Nxf5+ Kf7 71. Kf4 1-0

[Event "Late-Titled-Tuesday-Blitz-January-16-2024"]
[Site "Chess.com"]
[Date "2024.01.16"]
[Round "5"]
[White "rdarruda"]
[Black "GMCorinnaKopff"]
[Result "0-1"]
[WhiteElo "2489"]
[BlackElo "2336"]
[TimeControl "180+1"]
[EndTime "14:53:57 PST"]
[Termination "GMCorinnaKopff won by resignation"]

1. Nf3 Nf6 2. d4 g6 3. Nc3 d5 4.
Bg5 Bg7 5. Bxf6 Bxf6 6. e4 dxe4 7. Nxe4 Bg7 8. Bc4 O-O 9. O-O Bg4 10. c3 Nd7 11. Re1 e5 12. dxe5 Bxf3 13. Qxf3 Nxe5 14. Qe2 Nxc4 15. Qxc4 c6 16. Rad1 Qc7 17. h4 Rad8 18. h5 Qf4 19. hxg6 hxg6 20. g3 Qf3 21. Rxd8 Rxd8 22.
Ng5 Qf6 23. Ne4 Qe5 24. Qe2 a5 25. Kg2 Qd5 26. c4 Qd4 27. b3 Qe5 28. Nd2 Qxe2 29. Rxe2 Kf8 30. Nf3 Bf6 31. Rd2 Rxd2 32. Nxd2 Ke7 33.
Kf3 Be5 34. g4 f5 35. gxf5 gxf5 36. Ke3 Kd6 37. Nf3 Bf6 38. Nd4 f4+ 39. Ke4 Kc5 40.
Nc2 Bg5 41. Kf5 Bh6 42. f3 b5 43. cxb5 cxb5 44. Ke5 a4 45. Ke4 Bg5 46. Kd3 Bd8 47. Nd4 Kb4 48. Nc6+ Ka3 49. Nxd8 Kxa2 50. bxa4 bxa4 51. Ne6 a3 52. Nxf4 Kb2 53. Kd2 a2 54.
Nd3+ Kb1 55. f4 a1=Q 56. Ke3 Qf6 57. Ke4 Kc2 58. Ne5 Kc3 59. f5 Kb4 60. Ng4 Qe7+ 61. Kf4 Kc5 62. f6 Qf7 63. Kf5 Kd6 64. Nh6 Qh5+ 0-1

[Event "Late-Titled-Tuesday-Blitz-January-16-2024"]
[Site "Chess.com"]
[Date "2024.01.16"]
[Round "5"]
[White "TimGrutter03"]
[Black "RobertoJBM"]
[Result "1/2-1/2"]
[WhiteElo "2560"]
[BlackElo "2793"]
[TimeControl "180+1"]
[EndTime "14:53:58 PST"]
[Termination "Game drawn - insufficient material"]

1. Nf3 d5 2. e3 Nf6 3. c4 c6 4.
b3 Bg4 5. Bb2 e6 6. Be2 Nbd7 7.
O-O Bd6 8. h3 Bh5 9. Nc3 O-O 10.
d4 Qe7 11. Rc1 Ne4 12. Nxe4 dxe4 13. Ne5 Bxe2 14. Qxe2 Rad8 15. Rfd1 f5 16. Nxd7 Rxd7 17. Qh5 Qf7 18. Qxf7+ Kxf7 19. Kf1 Rfd8 20. Ke2 Be7 21. Rd2 Bb4 22. Rdd1 g5 23. g3 Be7 24. Bc3 Bf6 25.
Rd2 h5 26. Rcd1 c5 27. a3 cxd4 28. Bxd4 Bxd4 29. Rxd4 Rxd4 30. Rxd4 Rxd4 31. exd4 f4 32. b4 h4 33. gxh4 gxh4 34. f3 e3 35.
Kd3 Ke7 36. Ke2 Kd6 37. Kd3 e5 38. d5 b5 39. c5+ Kxd5 40. Ke2 e4 41. fxe4+ Kxe4 42. c6 f3+ 43. Kf1 e2+ 44. Kf2 Kd3 45. c7 Kd2 46.
c8=Q e1=Q+ 47. Kxf3 Qg3+ 48. Ke4 Qxa3 49. Qd7+ Kc2 50.
Qxb5 Qxh3 51. Qc5+ Qc3 52. Qxa7 Qxb4+ 53. Kf3 h3 54. Kg3 Kd3 55. Kxh3 Qd4 56. Qxd4+ Kxd4 1/2-1/2

[Event "Late-Titled-Tuesday-Blitz-January-16-2024"]
[Site "Chess.com"]
[Date "2024.01.16"]
[Round "5"]
[White "Bryanl106"]
[Black "sebastianmarinp"]
[Result "1-0"]
[WhiteElo "2595"]
[BlackElo "2442"]
[TimeControl "180+1"]
[EndTime "14:53:58 PST"]
[Termination "Bryanl106 won on time"]

1. e4 c5 2. Nf3 d6 3. d4 cxd4 4. Nxd4 Nf6 5. Nc3 g6 6. Be3 Bg7 7. f3 O-O 8. Qd2 Nc6 9. O-O-O d5 10. Qe1 Nxd4 11. Bxd4 e6 12. exd5 exd5 13. Kb1 Be6 14. g4 Re8 15. Qg3 Qa5 16. h4 b5 17.
Bxb5 Rec8 18. g5 Nh5 19. Qe1 Bxd4 20. Rxd4 Rxc3 21. Qxc3 Qxb5 22. Re1 Rc8 23. Qd2 Rb8 24. b3 Ng3 25. a4 Qc5 26. Qf4 Rc8 27. Rd2 Nf5 28.
h5 d4 29. hxg6 hxg6 30. Rh1 Ng7 31. Rdh2 Nh5 32. Qd2 Bf5 33. Kb2 d3 34. c3 Qe5 35.
Rh4 Qe2 36. Qxe2 dxe2 37. Re1 Ng3 38. Rh2 Rd8 39. Rg2 Rd2+ 40. Ka3 Rd1 41. Rgg1 Rxe1 42.
Rxe1 Bd3 43. c4 Kf8 44. Kb4 Ke7 45. Kc3 Bf5 46. b4 Kd6 47. Kd4 f6 48. gxf6 Ke6 49.
Ke3 Kxf6 50. Kf4 Nh5+ 51. Ke3 Ng3 52. Kf2 Nf1 53. Rxe2 Nh2 54. Rd2 Ke5 55. c5 1-0

[Event "Late-Titled-Tuesday-Blitz-January-16-2024"]
[Site "Chess.com"]
[Date "2024.01.16"]
[Round "5"]
[White "Makswolf200817"]
[Black "Firouzja2003"]
[Result "1-0"]
[WhiteElo "2743"]
[BlackElo "3142"]
[TimeControl "180+1"]
[EndTime "14:53:59 PST"]
[Termination "Makswolf200817 won on time"]

1. d4 Nf6 2. c4 g6 3. g3 Bg7 4.
Bg2 O-O 5. Nc3 d6 6. Nf3 Nbd7 7.
O-O e5 8. e4 c6 9. h3 Re8 10.
Be3 a6 11. Re1 b5 12. cxb5 cxb5 13. Qc2 Bb7 14. Rad1 Rc8 15. dxe5 dxe5 16. Qb3 Qe7 17.
Nd5 Qf8 18. Nd2 Nc5 19. Qa3 Na4 20. Qxf8+ Kxf8 21. b3 Nc3 22. Nxc3 Rxc3 23. Nb1 Rc2 24. Rd2 Rec8 25. f3 Ke8 26. Kf2 Bf8 27. Ree2 Rc1 28.
Rb2 R1c7 29. a4 Bb4 30. axb5 axb5 31. Bf1 Nd7 32. Kg2 f5 33. exf5 gxf5 34. Bd2 Bc5 35. Nc3 Bd4 36. Nxb5 Bxb2 37. Nxc7+ Rxc7 38. Ba5 Rc5 39. b4 Bc3 40. bxc5 Bxa5 41. Ra2 Bd8 42. Bb5 Bc8 43.
c6 Nf6 44. c7+ Ke7 45. cxd8=Q+ Kxd8 46. Ra7 e4 47. fxe4 fxe4 48. g4 h6 49. Kf2 Nd5 50.
Rh7 e3+ 51. Kf3 Be6 52. Bc6 Nb4 53. Be4 1-0

[Event "Late-Titled-Tuesday-Blitz-January-16-2024"]
[Site "Chess.com"]
[Date "2024.01.16"]
[Round "5"]
[White "DarkAlekhine"]
[Black "jmpion"]
[Result "1-0"]
[WhiteElo "2725"]
[BlackElo "2523"]
[TimeControl "180+1"]
[EndTime "14:54:00 PST"]
[Termination "DarkAlekhine won by resignation"]

1. c4 e5 2. Nc3 Nf6 3. g3 d5 4.
cxd5 Nxd5 5. Bg2 Nb6 6. Nf3 Nc6 7. O-O Be7 8. d3 O-O 9. Be3 Re8 10. Rc1 Bf8 11.
a3 a5 12. Nb5 Nd5 13. Bc5 Bxc5 14. Rxc5 Be6 15. Qd2 f6 16. Rfc1 Nde7 17. e4 Qd7 18. d4 Nxd4 19. Nbxd4 exd4 20. Rxc7 Qd6 21. Qxd4 Rad8 22. Qxd6 Rxd6 23. Rxb7 Red8 24. Rxe7 Rd1+ 25. Rxd1 Rxd1+ 26. Bf1 Bg4 27. Kg2 Bxf3+ 28. Kxf3 Rxf1 29. h4 Rb1 30. Rb7 a4 31. Kf4 Rf1 32. f3 Rf2 33. h5 h6 34. g4 Kh7 35. Rb4 Kg8 36. Rxa4 Rxb2 37. Rb4 Ra2 38. Rb3 Kh7 39. Kf5 Ra1 40.
f4 Ra2 41. Rf3 Kg8 42. Kg6 Kf8 43. Rb3 Rg2 44. Rb8+ Ke7 45. Kf5 Kf7 46. Rb7+ Kg8 47. a4 Ra2 48. Ra7 Rc2 49. Kg6 Kf8 50. Rf7+ Ke8 51. Rxg7 Rc4 52. f5 Rxe4 53. Kxf6 Rxg4 54. Rxg4 1-0

[Event "Late-Titled-Tuesday-Blitz-January-16-2024"]
[Site "Chess.com"]
[Date "2024.01.16"]
[Round "5"]
[White "Too_Stupid_To_Play"]
[Black "Nf3c5"]
[Result "0-1"]
[WhiteElo "2314"]
[BlackElo "2560"]
[TimeControl "180+1"]
[EndTime "14:54:00 PST"]
[Termination "Nf3c5 won by checkmate"]

1. d4 Nf6 2. Bf4 b6 3. e3 Bb7 4.
Nd2 g6 5. h4 Bg7 6. h5 Nxh5 7.
Rxh5 gxh5 8. Qxh5 e6 9. Ngf3 d6 10. O-O-O Nd7 11. Bd3 h6 12. Qg4 Bf8 13. e4 Qe7 14. e5 O-O-O 15. exd6 cxd6 16. Nc4 Nf6 17. Qh3 Nd5 18. Bg3 Qc7 19. a3 Kb8 20. Nfd2 b5 21. Ne3 a6 22. Nxd5 Bxd5 23. Kb1 Be7 24. Qh5 Bf6 25.
Ne4 Bg7 26. Nxd6 Rxd6 27. Bxd6 Qxd6 28. Qxf7 Qc7 29. Qg6 Rf8 30. f3 Bxd4 31. Be4 Bxe4 32. Qxe4 e5 33. c3 Bb6 34. Qg6 Rd8 35. Rxd8+ Qxd8 36. Qxh6 Qd1+ 37. Ka2 Qd5+ 38. Kb1 Kb7 39. Qg7+ Bc7 40.
Qe7 Qd1+ 41. Ka2 Qd5+ 42. Kb1 a5 43. Qe8 Qd1+ 44. Ka2 Qd5+ 45. Kb1 Kb6 46. Qg6+ Bd6 47. Qc2 b4 48. Qf2+ Bc5 49. Qe2 bxa3 50. bxa3 Bxa3 51. g3 Qb3+ 52. Ka1 Qxc3+ 53. Ka2 Bc5 54. g4 Bd4 55. g5 Qa1+ 56. Kb3 a4+ 57. Kc4 Qc3+ 58. Kd5 Qc6# 0-1

[Event "Late-Titled-Tuesday-Blitz-January-16-2024"]
[Site "Chess.com"]
[Date "2024.01.16"]
[Round "5"]
[White "crazy_but_lazy"]
[Black "RaugintaBulba"]
[Result "1-0"]
[WhiteElo "2590"]
[BlackElo "2441"]
[TimeControl "180+1"]
[EndTime "14:54:01 PST"]
[Termination "crazy_but_lazy won on time"]

1. e4 c5 2. Nf3 e6 3. c3 d5 4. e5 Nc6 5. g3 a6 6. Bg2 b5 7. O-O Bb7 8. Re1 Nge7 9. d3 Ng6 10. Qe2 Be7 11. h4 h5 12. Bg5 Qc7 13. Bxe7 Ngxe7 14. Nbd2 c4 15. d4 b4 16. Rec1 a5 17. b3 bxc3 18. Rxc3 cxb3 19. Nxb3 Nxd4 20. Rxc7 Nxe2+ 21. Kh2 Bc6 22. Bf1 Nc3 23. Nbd4 Kd8 24. Rxc6 Nxc6 25.
Nxc6+ Kd7 26. Ncd4 Rab8 27. a4 Rb2 28. Kg1 Ne4 29.
Bb5+ Kc8 30. Rc1+ Kb8 31. Nc6+ Kb7 32. Nxa5+ Kb6 33. Nc6 Rc8 34. Nfd4 Nxf2 35. a5+ Kb7 36. a6+ Kb6 37. a7 Ra8 38. Bf1 Ne4 39. Ra1 Nxg3 40.
Bg2 Ne2+ 41. Nxe2 Kxc6 42. Nf4 g6 43. Nd3 Rb7 44. Rc1+ Kb6 45. Bf1 Rbxa7 46. Rb1+ Kc7 47. Nc5 Ra1 48. Rb2 R8a2 49. Rb3 Kc6 50. Nd3 Ra3 51. Rb2 Kd7 52. Nc5+ Kc6 53. Nb3 R1a2 54. Nd4+ 1-0

[Event "Late-Titled-Tuesday-Blitz-January-16-2024"]
[Site "Chess.com"]
[Date "2024.01.16"]
[Round "5"]
[White "carloseduar100"]
[Black "DishonorOnYourCow"]
[Result "0-1"]
[WhiteElo "2290"]
[BlackElo "2553"]
[TimeControl "180+1"]
[EndTime "14:54:03 PST"]
[Termination "DishonorOnYourCow won by checkmate"]

1. d4 Nf6 2. Bg5 Ne4 3. h4 d5 4.
Nd2 c5 5. Nxe4 dxe4 6. d5 h6 7. Bf4 e6 8. dxe6 Qxd1+ 9. Rxd1 Bxe6 10. e3 Nc6 11. a3 Be7 12. Ne2 O-O 13. Nc3 f5 14. g4 fxg4 15. Nxe4 Rad8 16. Bg2 Rxd1+ 17. Kxd1 Rd8+ 18. Kc1 Bf5 19. Rd1 Rxd1+ 20. Kxd1 Bxh4 21. Nxc5 Bxf2 22. Nxb7 Ne7 23. Ke2 Bh4 24. c4 Bf6 25. b4 h5 26. Nd6 Be6 27. c5 h4 28.
Ne4 Bb2 29. Bg5 Nf5 30. Nd6 h3 31. Nxf5 Bxf5 32. Bd5+ Kf8 33. Kf2 Bxa3 34. e4 Bc8 35. Bd2 a5 36. bxa5 Bxc5+ 37. Kg3 Bd6+ 38. Bf4 Ke7 39.
e5 Bb4 40. a6 Bxa6 41. Kxg4 Bc8+ 42. Kg3 Be1+ 43. Kh2 Bh4 44. Bf3 g5 45. Be3 g4 46.
Bd5 g3+ 47. Kh1 Bf5 48. Bc5+ Kd7 49. Bf3 Bg5 50. Bd4 Bf4 51. Bd5 Bg4 52. Kg1 Be2 53.
Kh1 Ke7 54. Kg1 Bg4 55. Kh1 Be6 56. Be4 Bc4 57. Bf5 Bf1 58. Kg1 h2+ 59. Kh1 g2# 0-1

[Event "Late-Titled-Tuesday-Blitz-January-16-2024"]
[Site "Chess.com"]
[Date "2024.01.16"]
[Round "5"]
[White "Lennis93"]
[Black "guillembaches"]
[Result "0-1"]
[WhiteElo "2710"]
[BlackElo "2540"]
[TimeControl "180+1"]
[EndTime "14:54:04 PST"]
[Termination "guillembaches won by checkmate"]

1. d4 d5 2. c4 e6 3. Nf3 a6 4. g3 dxc4 5. Bg2 b5 6. O-O Bb7 7. a4 Nf6 8. b3 cxb3 9. Qxb3 b4 10. a5 Nbd7 11. Rd1 Bd5 12. Qa4 Bd6 13. Bf4 Rb8 14. Ne5 Bxg2 15. Kxg2 Bxe5 16. dxe5 Nd5 17. e4 Nxf4+ 18. gxf4 Rb5 19. Ra2 Qe7 20. Rad2 Nc5 21.
Rd8+ Qxd8 22. Rxd8+ Kxd8 23. Qc2 Kc8 24. f5 Rd8 25. f6 g6 26. Nd2 b3 27. Nxb3 Nxb3 28.
Qc6 Nc5 29. Kg3 Rxa5 30. Kf4 Kb8 31. Kg5 Nd7 32. f4 Nb6 33. Kh6 Rd7 34. Kg7 Ra2 35. h3 Rad2 36. Qc5 Kb7 37. h4 h5 38. f5 gxf5 39.
exf5 R2d5 40. Qc3 exf5 41. Qf3 a5 42. Qxf5 a4 43. Qxh5 a3 44. Qf3 a2 45. e6 fxe6+ 46. f7 a1=Q+ 47. Kg8 Rd8+ 48. f8=Q Rxf8+ 49. Kxf8 Kc8 50. Ke7 Kb8 51. Qf8+ Kb7 52. Qf3 Qa5 53. Kxe6 Qc5 54. h5 Qc6+ 55. Kf7 Rd7+ 56. Kg8 Qxf3 57. h6 Qf7+ 58. Kh8 Qh7# 0-1

[Event "Late-Titled-Tuesday-Blitz-January-16-2024"]
[Site "Chess.com"]
[Date "2024.01.16"]
[Round "5"]
[White "Navyblue1"]
[Black "IranianCheetah"]
[Result "0-1"]
[WhiteElo "2186"]
[BlackElo "2372"]
[TimeControl "180+1"]
[EndTime "14:54:04 PST"]
[Termination "IranianCheetah won by resignation"]

1. d4 d5 2. c4 c6 3. cxd5 cxd5 4. Nc3 Nf6 5. Bf4 Nc6 6. e3 a6 7. Nf3 Bg4 8. Be2 e6 9. h3 Bh5 10. O-O Rc8 11. Rc1 Bd6 12. Bxd6 Qxd6 13. Re1 O-O 14. Qc2 b5 15. Qb1 Rc7 16. Red1 Rfc8 17. e4 dxe4 18.
Nxe4 Nxe4 19. Qxe4 Bxf3 20. Bxf3 Nxd4 21. Rxc7 Nxf3+ 22. Qxf3 Qxc7 23. Qd3 g6 24. Qd6 Qxd6 25. Rxd6 Rc1+ 26.
Kh2 Rc2 27. Rxa6 Rxf2 28. b3 Kg7 29. Ra5 b4 30. Ra4 h5 31. Rxb4 Rxa2 32. Rb8 Kf6 33. Kg3 h4+ 34. Kf3 g5 35. b4 Rb2 36. b5 Ke5 37. b6 f5 38. b7 Rb3+ 39. Kf2 g4 40.
hxg4 fxg4 41. Rh8 g3+ 42. Ke2 Rxb7 43. Rxh4 Rb3 44. Ra4 Kf5 45. Ra8 e5 46. Ra4 Rc3 47. Rh4 Ra3 48. Rh8 Kf4 49. Rf8+ Ke4 50. Rb8 Ra2+ 51.
Kf1 Rf2+ 52. Kg1 Ke3 53. Rb3+ Kf4 54. Rb4+ e4 55. Rb8 Rc2 56. Rf8+ Ke3 57. Rf1 Kd2 58. Ra1 e3 0-1

[Event "Late-Titled-Tuesday-Blitz-January-16-2024"]
[Site "Chess.com"]
[Date "2024.01.16"]
[Round "5"]
[White "Incognito_Knight"]
[Black "Nouali_Mohamed"]
[Result "1-0"]
[WhiteElo "2752"]
[BlackElo "2545"]
[TimeControl "180+1"]
[EndTime "14:54:09 PST"]
[Termination "Incognito_Knight won on time"]

1. e4 c5 2. d4 cxd4 3. Qxd4 e5 4. Qxe5+ Ne7 5. Nf3 Nc6 6. Qg3 d5 7. Nc3 dxe4 8. Nb5 Nf5 9. Nc7+ Kd7 10. Qf4 Bd6 11.
Qxf5+ Kxc7 12. Qxf7+ Bd7 13. Ng5 Re8 14. Bf4 Ne5 15.
Qb3 h6 16. Nxe4 Bc6 17. Bb5 Bxe4 18. Bxe8 Qxe8 19. O-O-O Nd3+ 20. cxd3 Bxf4+ 21. Kb1 Bc6 22. Rhe1 Qd7 23. d4 Qf5+ 24. Ka1 Rd8 25. d5 Rxd5 26. Re7+ Kb8 27. Rxd5 Qxd5 28. Qxd5 Bxd5 29. Rxg7 Bxh2 30. g3 h5 31. Rg5 Bf3 32. Rf5 Bg4 33. Rf8+ Kc7 34.
Rf7+ Kb6 35. Kb1 a5 36. Kc1 a4 37. Kd2 h4 38. gxh4 Be5 39. b3 axb3 40. axb3 Be6 41. Re7 Bf4+ 42. Kc3 Bd5 43. h5 Bg5 44. Re8 Bf6+ 45.
Kd2 Bg5+ 46. Ke1 Bf7 47. Re5 Bf6 48. Rf5 Bc3+ 49. Kf1 Be6 50. Rf3 Bd2 51. Rf6 1-0

[Event "Late-Titled-Tuesday-Blitz-January-16-2024"]
[Site "Chess.com"]
[Date "2024.01.16"]
[Round "5"]
[White "HalfIsCrayfish"]
[Black "MusicCityMaster"]
[Result "1-0"]
[WhiteElo "2614"]
[BlackElo "2417"]
[TimeControl "180+1"]
[EndTime "14:54:11 PST"]
[Termination "HalfIsCrayfish won by checkmate"]

1. d4 Nf6 2. c4 c5 3. d5 b5 4.
Qc2 e6 5. e4 bxc4 6. Bxc4 exd5 7. exd5 d6 8. Nc3 Be7 9. Nge2 O-O 10. O-O Nbd7 11. Nf4 Nb6 12. Be2 g6 13. Re1 Bf5 14. Bd3 Bxd3 15. Qxd3 Re8 16. Bd2 Bf8 17. b3 Qd7 18. h3 Bg7 19. Rxe8+ Rxe8 20. Re1 Rxe1+ 21. Bxe1 Qe7 22. Bd2 h5 23. a4 g5 24. Nfe2 Nfxd5 25. Nxd5 Nxd5 26. Qxd5 Qxe2 27. Qxg5 Qd1+ 28. Kh2 Qxb3 29.
Qd8+ Kh7 30. Qxd6 Qxa4 31. Qd3+ Kh8 32. Qd8+ Kh7 33. Qd3+ Kg8 34. Qd8+ Kh7 35. Qd5 Qd4 36. Qxh5+ Kg8 37. Be3 Qe5+ 38. Qxe5 Bxe5+ 39. Kg1 Bd4 40. Bd2 c4 41. Kf1 c3 42. Bc1 a5 43. Ke2 a4 44.
f3 f6 45. Kd3 Be5 46. Kc4 c2 47. Kb4 a3 48. Kxa3 Kf7 49. Kb3 Bg3 50. Kxc2 Ke6 51.
Kd3 Kf5 52. Ke2 Ke5 53. Be3 f5 54. Bf2 Bf4 55. g3 Bh6 56. Be3 Bg7 57. Bc1 Bf8 58. Bb2+ Ke6 59. f4 Bc5 60. Kf3 Bb6 61. g4 fxg4+ 62. hxg4 Kf7 63. f5 Bc5 64. g5 Be7 65. g6+ Kg8 66. f6 Bd6 67. Kg4 Bc5 68. Kf5 Bb4 69.
Ke6 Bc5 70. f7+ Kf8 71. g7# 1-0